[Event "Titled Tuesday Blitz November 29 Late 2022"]
[White "Suder, Jakub"]
[Black "Radjabov, Teimour"]
[WhiteFideId "1195310"]
[BlackFideId "13400924"]
[WhiteElo "2243"]
[BlackElo "2709"]
[Result "1-0"]
[Round "05"]
[TimeControl "180+1"]
[Date "2022.11.30"]
[WhiteClock "0:00:07"]
[BlackClock "0:00:01"]

1. d4 Nf6 2. c4 g6 3. Nc3 Bg7 4. e4 d6 5. Be2 O-O 6. Nf3 a6 7. O-O Nc6 8. Be3 e5 9. d5 Ne7 10. Ne1 h5 11. f3 b6 12. b4 a5 13. a3 h4 14. c5 Nh5 15. cxd6 cxd6 16. Nd3 f5 17. bxa5 bxa5 18. Qb3 Ba6 19. Nb5 Nf4 20. Nxf4 exf4 21. Bf2 h3 22. a4 Bxa1 23. Rxa1 Kh7 24. Bf1 Qd7 25. Re1 Ng8 26. gxh3 Rfe8 27. Bg2 Rac8 28. Nd4 Bc4 29. Qa3 Qb7 30. Qc1 g5 31. Nxf5 Qb4 32. Qa1 Re5 33. Rc1 Nf6 34. Bd4 Rce8 35. Bxe5 Rxe5 36. Qc3 Qxc3 37. Rxc3 Bxd5 38. Nxd6 Be6 39. Bf1 Kg6 40. Rc7 Nd7 41. Nc4 Rc5 42. Rxc5 Nxc5 43. Nxa5 Nxa4 44. Nc6 Nc5 45. Nd4 Bd7 46. Bc4 Kf6 47. Kg2 Ke5 48. Ne2 Nb7 49. Bf7 Nd6 50. Bh5 Nc4 51. Bg4 Ne3+ 52. Kf2 Bb5 53. Nc3 Bc4 54. Na4 Kd4 55. Nb6 Bb5 56. Nc8 Ke5 57. Ne7 Bc4 58. Nf5 Nc2 59. h4 gxh4 60. Nxh4 Nd4 61. Ng6+ Kf6 62. Nxf4 Kg5 63. Kg3 Kf6 64. h4 Nc6 65. Nd5+ Ke5 66. Ne3 Bf7 67. Bf5 Nd4 68. f4+ Kf6 69. Ng4+ Kg7 70. Ne5 Be8 71. Kg4 Kf6 72. h5 Ne2 73. h6 Nd4 74. h7 Kg7 75. Kg5 Kh8 76. Kf6 Bh5 77. Ng6+ Kxh7 78. Nf8+ Kh6 79. Ne6 Ne2 80. e5 Bf3 81. Bd3 Ng3 82. f5 Bd5 83. Ke7 1-0


[Site "https://www.chess.com"]

[Event "Titled Tuesday Blitz November 29 Late 2022"]
[White "Sztokbant, Bernardo Vainzoff"]
[Black "Ibarra Jerez, Jose Carlos"]
[WhiteFideId "2115956"]
[BlackFideId "2226332"]
[WhiteElo "2228"]
[BlackElo "2638"]
[Result "0-1"]
[Round "05"]
[TimeControl "180+1"]
[Date "2022.11.30"]
[WhiteClock "0:00:01"]
[BlackClock "0:00:48"]

1. e4 c5 2. c3 Nf6 3. e5 Nd5 4. d4 cxd4 5. Nf3 Nc6 6. cxd4 d6 7. Bc4 dxe5 8. dxe5 Ndb4 9. Qxd8+ Nxd8 10. Na3 Bg4 11. O-O e6 12. Nb5 Rc8 13. Bb3 Ndc6 14. Bf4 Nd3 15. Bg3 Bxf3 16. gxf3 a6 17. Rad1 Ndxe5 18. Nd6+ Bxd6 19. Rxd6 Nxf3+ 20. Kg2 Nfd4 21. Rd1 Nxb3 22. axb3 O-O 23. Rd7 Rfd8 24. Bc7 Rxd7 25. Rxd7 b5 26. Bf4 h6 27. Rb7 Nd4 28. Rb6 Rc6 29. Rb8+ Kh7 30. Rb7 Kg6 31. b4 Rc2 32. Rb6 Rxb2 33. Be5 Rxb4 34. Rxa6 Nf5 35. Rb6 Rb3 36. Bf4 f6 37. Rxe6 Nh4+ 38. Kf1 Kf5 39. Re3 Rb1+ 40. Ke2 Kxf4 41. Rb3 Rxb3 42. Kd2 Nf3+ 0-1


[Site "https://www.chess.com"]

[Event "Titled Tuesday Blitz November 29 Late 2022"]
[White "Tan, Ralph"]
[Black "Risteski, Emil"]
[WhiteFideId "30966590"]
[BlackFideId "15005267"]
[WhiteElo "2059"]
[BlackElo "2251"]
[Result "0-1"]
[Round "05"]
[TimeControl "180+1"]
[Date "2022.11.30"]
[WhiteClock "0:00:44"]
[BlackClock "0:00:17"]

1. Nf3 d6 2. d4 Nf6 3. g3 Nbd7 4. Bg2 e5 5. O-O Be7 6. c4 O-O 7. Nc3 c6 8. b3 Re8 9. Bb2 Bf8 10. e3 Qc7 11. Rc1 a6 12. Ne2 Qa5 13. a3 e4 14. Nd2 Qh5 15. Nf4 Qh6 16. d5 c5 17. Qc2 g5 18. Ne2 Ne5 19. Bxe5 Rxe5 20. Nxe4 Nxe4 21. Bxe4 Bh3 22. Bg2 Rae8 23. b4 b6 24. Rfe1 Qh5 25. bxc5 bxc5 26. Rb1 Rf5 27. Nc3 Rf6 28. f4 gxf4 29. exf4 Rxe1+ 30. Rxe1 Rh6 31. Ne4 Bf5 32. Qf2 Bg7 33. Rd1 Qxd1+ 34. Qf1 Bd4+ 35. Kh1 Qxf1+ 36. Bxf1 Bxe4+ 37. Bg2 Bxg2+ 38. Kxg2 f5 39. h3 Rf6 40. Kf3 Rf8 41. g4 Rb8 42. gxf5 Rb3+ 43. Kg4 Rxa3 44. h4 Rc3 45. f6 Bxf6 46. Kf5 Kf7 47. h5 a5 48. h6 a4 49. Ke4 a3 50. Kf5 a2 51. Ke4 a1=Q 52. Kf5 Qb1+ 53. Kg4 Qg1+ 54. Kf5 Qb1+ 55. Kg4 Qg6# 0-1


[Site "https://www.chess.com"]

[Event "Titled Tuesday Blitz November 29 Late 2022"]
[White "Tanenbaum, Zachary"]
[Black "Vlassov, Nikolai"]
[WhiteFideId "2060850"]
[BlackFideId "4103360"]
[WhiteElo "2175"]
[BlackElo "2324"]
[Result "1-0"]
[Round "05"]
[TimeControl "180+1"]
[Date "2022.11.30"]
[WhiteClock "0:00:24"]
[BlackClock "0:00:08"]

1. e4 Nc6 2. Nf3 d5 3. exd5 Qxd5 4. Nc3 Qa5 5. d4 Bg4 6. Bd2 O-O-O 7. Nb5 Qb6 8. h3 Bxf3 9. Qxf3 a6 10. Qg4+ e6 11. Nc3 Nf6 12. Qg3 Qxb2 13. Rb1 Qxc2 14. Bd3 Bd6 15. Qf3 Qxb1+ 16. Bxb1 Nxd4 17. Qd1 e5 18. O-O h6 19. Ne4 Nxe4 20. Bxe4 Bc5 21. Qg4+ Kb8 22. Rc1 Bb6 23. Kf1 f5 24. Bxf5 Nxf5 25. Qxf5 Rxd2 26. Rc2 Rhd8 27. g3 Rxc2 28. Qxc2 Rf8 29. Qc4 Rxf2+ 30. Ke1 Rh2 31. Qg4 Rxa2 32. Qxg7 Ka7 33. Qxe5 a5 34. g4 a4 35. Qe6 Rb2 36. Qe4 Ba5+ 37. Kd1 b5 38. Qd4+ Bb6 39. Qxb2 Ka6 40. h4 c5 41. g5 hxg5 42. hxg5 b4 43. g6 a3 44. Qe2+ Ka5 45. g7 b3 46. g8=Q a2 47. Qa8+ Kb4 48. Qd2+ Kb5 49. Qc3 c4 50. Qd5+ 1-0


[Site "https://www.chess.com"]

[Event "Titled Tuesday Blitz November 29 Late 2022"]
[White "Tirelli, Mauro"]
[Black "Khater, Sherif"]
[WhiteFideId "845353"]
[BlackFideId "2034280"]
[WhiteElo "2166"]
[BlackElo "2533"]
[Result "1/2-1/2"]
[Round "05"]
[TimeControl "180+1"]
[Date "2022.11.30"]
[WhiteClock "0:00:44"]
[BlackClock "0:01:12"]

1. d4 d5 2. c4 e6 3. Nf3 Nf6 4. g3 Be7 5. Bg2 O-O 6. O-O c6 7. Nbd2 Nbd7 8. Qc2 Bd6 9. Rd1 g6 10. e4 dxe4 11. Nxe4 Nxe4 12. Qxe4 Be7 13. Bh6 Re8 14. Rac1 Bf6 15. h4 Bg7 16. Bxg7 Kxg7 17. h5 gxh5 18. Ne5 Qf6 19. Rc3 Qf5 20. Qxf5 exf5 21. f4 f6 22. Nf3 Re2 23. Rd2 Rxd2 24. Nxd2 Nf8 25. Re3 Kf7 26. Bf3 Be6 27. Bxh5+ Kg7 28. Kf2 Rd8 29. Rd3 Ng6 30. Bf3 Rd7 31. b3 Ne7 32. Ke3 Bf7 33. Rc3 a5 34. a3 b5 35. Rc1 h6 36. Be2 a4 37. bxa4 bxc4 38. Bxc4 Nd5+ 39. Bxd5 Bxd5 40. Nc4 Ra7 41. Nb6 Be4 42. Rc5 Kg6 43. a5 Kh5 44. Nc4 Kg4 45. Kf2 Rb7 46. Ne3+ Kh3 47. Nxf5 Rb2+ 48. Ke3 Bd5 49. a6 Rb3+ 50. Kf2 Rxa3 51. Ne7 Ra2+ 52. Ke3 Kxg3 53. Nxd5 cxd5 54. Rxd5 Rxa6 55. Rh5 Re6+ 56. Kd3 Kxf4 57. Rxh6 Kg5 58. Rh8 f5 59. d5 Re1 60. Kd4 f4 61. Rf8 Kg4 62. Kc5 Rc1+ 63. Kd6 f3 64. Kd7 Kg3 65. d6 f2 66. Ke7 Re1+ 67. Kd8 Re3 68. Rxf2 Kxf2 69. d7 Kf3 70. Kc7 Rc3+ 71. Kb7 Rb3+ 72. Kc7 Rc3+ 73. Kb7 Rd3 74. Kc7 Ke4 75. d8=Q Rxd8 76. Kxd8 1/2-1/2


[Site "https://www.chess.com"]

[Event "Titled Tuesday Blitz November 29 Late 2022"]
[White "Tomaszewski, Kacper"]
[Black "Foerster-Yialamas, Lucas"]
[WhiteFideId "1127373"]
[BlackFideId "30901774"]
[WhiteElo "2211"]
[BlackElo "2067"]
[Result "1/2-1/2"]
[Round "05"]
[TimeControl "180+1"]
[Date "2022.11.30"]
[WhiteClock "0:00:26"]
[BlackClock "0:00:29"]

1. Nf3 b6 2. d4 Nf6 3. c4 g6 4. Nc3 d5 5. cxd5 Nxd5 6. e4 Nxc3 7. bxc3 Bb7 8. Bb5+ c6 9. Bc4 b5 10. Qb3 e6 11. Bg5 Be7 12. Bh6 Qb6 13. Bd3 c5 14. Qxb5+ Qxb5 15. Bxb5+ Bc6 16. Bxc6+ Nxc6 17. O-O Bf6 18. e5 Be7 19. Rab1 O-O-O 20. Rfc1 Kc7 21. Bg5 Rb8 22. Rxb8 Rxb8 23. Bxe7 Nxe7 24. dxc5 Rb2 25. Ng5 Rxa2 26. Nxf7 Nd5 27. g3 Kc6 28. Ng5 Nc7 29. Ne4 Kd5 30. f3 Kxe5 31. Rd1 Rc2 32. Rd7 Nb5 33. Rxh7 Nxc3 34. Nxc3 Rxc3 35. Rxa7 Rxc5 36. Kg2 Kf6 37. Kh3 Rh5+ 38. Kg2 Rb5 39. h4 Rb3 40. g4 e5 41. g5+ Ke6 42. Ra6+ Kf7 43. Rf6+ Kg7 44. Re6 Rb5 45. Kf2 Rb4 46. Kg3 Rb5 47. Re7+ Kf8 48. Ra7 Kg8 49. h5 gxh5 50. Kh4 Rb3 51. Kxh5 Rxf3 52. Kg6 Rf8 53. Re7 Ra8 54. Rxe5 Ra6+ 55. Kf5 Kg7 56. Rc5 Rb6 57. Rc7+ Kg8 58. Rc3 Kg7 59. Rf3 Rb7 60. Kg4 Rb4+ 61. Kh5 Rb7 62. Rf6 Rb5 63. Rg6+ Kh7 64. Rc6 Rb7 65. Ra6 Kg7 66. Re6 Rd7 67. Rg6+ Kh7 68. Rc6 Kg7 69. Kg4 Rb7 70. Kf5 Rb5+ 71. Kf4 Ra5 72. Rd6 Rb5 73. Rf6 Rc5 74. Rf5 Rxf5+ 75. Kxf5 Kf7 76. g6+ Kg7 77. Kg5 Kg8 78. Kf6 Kf8 79. Kf5 Kg7 80. Kg5 Kg8 81. Kf6 Kf8 82. Kf5 Kg7 1/2-1/2


[Site "https://www.chess.com"]

[Event "Titled Tuesday Blitz November 29 Late 2022"]
[White "Tristan, Leonardo"]
[Black "Rian, Kapriaga"]
[WhiteFideId "113816"]
[BlackFideId "7103263"]
[WhiteElo "2461"]
[BlackElo "2319"]
[Result "1-0"]
[Round "05"]
[TimeControl "180+1"]
[Date "2022.11.30"]
[WhiteClock "0:00:36"]
[BlackClock "0:00:02"]

1. d4 f5 2. Nf3 e6 3. c4 Nf6 4. Nc3 Bb4 5. Bd2 O-O 6. g3 b6 7. Bg2 Bb7 8. O-O Bxc3 9. Bxc3 Ne4 10. Qc2 Nxc3 11. Qxc3 d6 12. d5 e5 13. Qd2 h6 14. Nh4 a5 15. Qc2 f4 16. Be4 Qf6 17. e3 Nd7 18. Bh7+ Kf7 19. exf4 exf4 20. Bf5 Rae8 21. Bxd7 Re7 22. Be6+ Rxe6 23. dxe6+ Kxe6 24. Qg6 Kd7 25. Qxf6 Rxf6 26. f3 g5 27. Ng2 fxg3 28. hxg3 Bxf3 29. Ne1 g4 30. Nxf3 gxf3 31. Kf2 Kc6 32. Rfe1 Kc5 33. Re4 a4 34. Rf4 Re6 35. Kxf3 Kb4 36. Rc1 a3 37. c5+ Kb5 38. cxb6 axb2 39. Rb1 Kxb6 40. Rxb2+ Kc6 41. Rbb4 Kd5 42. a4 c5 43. Rbe4 Rg6 44. a5 Rg7 45. a6 Ra7 46. Ra4 Kc6 47. Ke4 d5+ 48. Ke5 1-0


[Site "https://www.chess.com"]

[Event "Titled Tuesday Blitz November 29 Late 2022"]
[White "Urbina Perez, Juan Antonio"]
[Black "Figorito, Nick"]
[WhiteFideId "2217368"]
[BlackFideId "30923689"]
[WhiteElo "2197"]
[BlackElo "2337"]
[Result "1/2-1/2"]
[Round "05"]
[TimeControl "180+1"]
[Date "2022.11.30"]
[WhiteClock "0:01:19"]
[BlackClock "0:00:58"]

1. d4 Nf6 2. c4 g6 3. Nf3 Bg7 4. Bg5 c6 5. e3 O-O 6. Nc3 d5 7. Be2 Nbd7 8. O-O b6 9. Rc1 Bb7 10. h3 Rc8 11. cxd5 cxd5 12. Bf4 a6 13. Qb3 b5 14. Bd3 Ba8 15. Ne2 Nb6 16. Qd1 Nc4 17. b3 Nb2 18. Qd2 Nxd3 19. Qxd3 Ne4 20. Nc3 Qd7 21. Ne5 Bxe5 22. Bxe5 f6 23. Bf4 Nxc3 24. Rxc3 Rxc3 25. Qxc3 Rc8 26. Qb4 Kf7 27. Bg3 Qc6 28. Qa5 Bb7 29. Qd2 Qc2 30. Rd1 Qxd2 31. Rxd2 e6 32. Bd6 Ke8 33. Bc5 e5 34. Kh2 Kf7 35. Kg3 f5 36. f4 e4 1/2-1/2


[Site "https://www.chess.com"]

[Event "Titled Tuesday Blitz November 29 Late 2022"]
[White "Vargas Pereda, Jesus Manue"]
[Black "Sariego Figueredo, Wilfredo"]
[WhiteFideId "5115710"]
[BlackFideId "3500080"]
[WhiteElo "1950"]
[BlackElo "2309"]
[Result "0-1"]
[Round "05"]
[TimeControl "180+1"]
[Date "2022.11.30"]
[WhiteClock "0:00:09"]
[BlackClock "0:00:05"]

1. Nf3 c5 2. g3 d5 3. d4 e6 4. Bg2 Nf6 5. O-O Nc6 6. c4 dxc4 7. Na3 cxd4 8. Nxc4 Bc5 9. a3 O-O 10. b4 Be7 11. Bb2 b5 12. Nce5 Bb7 13. Nxc6 Bxc6 14. Nxd4 Bxg2 15. Kxg2 a6 16. Nc6 Qc7 17. Rc1 Qb7 18. Kg1 Rfe8 19. Nxe7+ Rxe7 20. Bxf6 gxf6 21. Qd4 f5 22. Rfd1 Rc7 23. Rxc7 Qxc7 24. Qd7 Qc4 25. Qd3 Qa2 26. Rd2 Qa1+ 27. Kg2 Rc8 28. Qe3 Qc3 29. Qg5+ Kf8 30. Rd8+ Rxd8 31. Qxd8+ Kg7 32. Qg5+ Kf8 33. Qd8+ Kg7 34. Qg5+ Kf8 35. Qh6+ Ke7 36. Qh4+ Kd7 37. Qf4 Qxa3 38. Qd4+ Ke7 39. Qc5+ Kf6 40. Qd4+ Kg6 41. Qd8 Qxb4 42. Qg8+ Kf6 43. Qh8+ Ke7 44. Qxh7 Qe4+ 45. f3 Qxe2+ 46. Kh3 Qxf3 47. Qh4+ Kd7 48. Qd4+ Ke7 49. Qh4+ f6 50. Qh7+ Kd6 51. Qg8 Qg4+ 52. Kg2 Qxg8 53. h3 Qh8 54. h4 b4 55. Kf2 b3 56. Ke2 b2 57. Kd2 b1=Q 0-1


[Site "https://www.chess.com"]

[Event "Titled Tuesday Blitz November 29 Late 2022"]
[White "Vasques, Antonio Pedro Freixial"]
[Black "Abrahamyan, Tatev"]
[WhiteFideId "1908332"]
[BlackFideId "13301918"]
[WhiteElo "2243"]
[BlackElo "2347"]
[Result "1-0"]
[Round "05"]
[TimeControl "180+1"]
[Date "2022.11.30"]
[WhiteClock "0:00:44"]
[BlackClock "0:00:37"]

1. e4 e6 2. d4 d5 3. Nd2 c5 4. Ngf3 Nf6 5. e5 Nfd7 6. c3 Nc6 7. Bd3 Qb6 8. O-O cxd4 9. cxd4 Nxd4 10. Nxd4 Qxd4 11. Nf3 Qb6 12. Qa4 Qb4 13. Qc2 Be7 14. Bd2 Qg4 15. h3 Qh5 16. Bb5 O-O 17. Qc7 Rd8 18. Bb4 Bxb4 19. Qxd8+ Nf8 20. Rac1 1-0


[Site "https://www.chess.com"]

[Event "Titled Tuesday Blitz November 29 Late 2022"]
[White "Wieczorek, Oskar"]
[Black "Mohammed, Zozek Salah Mohammed"]
[WhiteFideId "1133950"]
[BlackFideId "4803361"]
[WhiteElo "2404"]
[BlackElo "2199"]
[Result "1-0"]
[Round "05"]
[TimeControl "180+1"]
[Date "2022.11.30"]
[WhiteClock "0:01:29"]
[BlackClock "0:00:06"]

1. e4 c5 2. Nf3 d6 3. d4 cxd4 4. Nxd4 Nf6 5. Nc3 a6 6. Be2 e5 7. Nf3 Be7 8. O-O h6 9. Be3 Be6 10. a4 Nc6 11. Nd5 Bxd5 12. exd5 Nb8 13. a5 Nbd7 14. c4 Rc8 15. b4 O-O 16. Nd2 Nh7 17. f3 f5 18. Nb3 Qc7 19. Bf2 Nhf6 20. Rc1 b6 21. axb6 Nxb6 22. Na5 Nfd7 23. Nc6 Bg5 24. Ra1 Nb8 25. c5 dxc5 26. bxc5 N6d7 27. Nxb8 Nxb8 28. c6 Rfd8 29. Qb3 Qd6 30. Rfd1 Bf6 31. Rac1 Re8 32. Bc5 Qd8 33. d6+ Kh7 34. d7 1-0


[Site "https://www.chess.com"]

[Event "Titled Tuesday Blitz November 29 Late 2022"]
[White "Yeritsyan, Hayk"]
[Black "Paravyan, David"]
[WhiteFideId "13307320"]
[BlackFideId "4194985"]
[WhiteElo "2440"]
[BlackElo "2546"]
[Result "0-1"]
[Round "05"]
[TimeControl "180+1"]
[Date "2022.11.30"]
[WhiteClock "0:00:38"]
[BlackClock "0:02:09"]

1. d4 Nf6 2. Nf3 g6 3. Bf4 Bg7 4. h3 O-O 5. e3 c5 6. c3 cxd4 7. exd4 d6 8. Be2 Nc6 9. O-O Nd5 10. Bh2 e5 11. Nbd2 exd4 12. Nxd4 Nxd4 13. cxd4 Nb6 14. Nc4 Nxc4 15. Bxc4 d5 16. Bb3 Be6 17. Rc1 Qb6 18. Rc5 Rac8 19. Bxd5 Bxd5 20. Rxd5 Rfd8 21. Rxd8+ Rxd8 22. d5 Bxb2 23. Qd3 Qf6 24. Rd1 Be5 25. Bxe5 Qxe5 26. Qe3 Qxe3 27. fxe3 Kf8 28. e4 Ke7 29. e5 Rc8 30. d6+ Ke6 31. Rf1 Rf8 32. g4 Kxe5 33. d7 Ke6 34. Rd1 Rd8 35. Kg2 Rxd7 36. Rb1 b6 37. Kg3 g5 38. h4 Rd3+ 39. Kg2 gxh4 0-1


[Site "https://www.chess.com"]

[Event "Titled Tuesday Blitz November 29 Late 2022"]
[White "Yurovskykh, Oleksandr"]
[Black "Nugumanov, Bakhtiyar"]
[WhiteFideId "14134020"]
[BlackFideId "13701797"]
[WhiteElo "2265"]
[BlackElo "2287"]
[Result "1-0"]
[Round "05"]
[TimeControl "180+1"]
[Date "2022.11.30"]
[WhiteClock "0:00:26"]
[BlackClock "0:00:02"]

1. d4 Nf6 2. Nf3 g6 3. Nbd2 Bg7 4. e4 d6 5. Bb5+ c6 6. Be2 O-O 7. O-O Nbd7 8. a4 e5 9. dxe5 dxe5 10. b3 Re8 11. Bb2 Nh5 12. Re1 Nc5 13. Bf1 Qc7 14. Nc4 Bg4 15. h3 Rad8 16. Qe2 Bc8 17. Qe3 b6 18. g3 h6 19. Rad1 Rxd1 20. Rxd1 Ba6 21. Ncxe5 Bxf1 22. Kxf1 Rxe5 23. Nxe5 Bxe5 24. Bxe5 Qxe5 25. Qxh6 Ne6 26. Qe3 Nf6 27. Re1 Qb2 28. Qd2 Qe5 29. Qe2 Nc5 30. Kg2 Qxe4+ 31. Qxe4 Ncxe4 32. Kf3 Nc5 33. Re7 a5 34. Rc7 Ne6 35. Rc8+ Kg7 36. Ke3 c5 37. Rb8 Nd7 38. Rb7 Nef8 39. Ke4 Kf6 40. Kd5 Ke7 41. Kc6 Kd8 42. h4 Kc8 43. Ra7 Kd8 44. g4 Ke7 45. h5 gxh5 46. gxh5 Ke6 47. h6 c4 48. bxc4 Ne5+ 49. Kxb6 Nxc4+ 50. Kb5 Ne5 51. Ra8 Nh7 52. Kxa5 Ng4 53. Kb6 Nxf2 54. a5 Ne4 55. a6 Nd6 56. Rh8 Nf6 57. a7 Nd7+ 58. Kc6 Ne5+ 59. Kc7 Nb5+ 60. Kb7 Nxa7 61. Kxa7 Kf6 62. Rg8 Ng6 63. h7 Ke7 64. Rxg6 fxg6 65. h8=Q 1-0


[Site "https://www.chess.com"]

[Event "Titled Tuesday Blitz November 29 Late 2022"]
[White "Zajic, Milan"]
[Black "Gasparyan, David"]
[WhiteFideId "912336"]
[BlackFideId "13311980"]
[WhiteElo "2445"]
[BlackElo "2369"]
[Result "1-0"]
[Round "05"]
[TimeControl "180+1"]
[Date "2022.11.30"]
[WhiteClock "0:00:56"]
[BlackClock "0:00:10"]

1. e4 c5 2. Nf3 g6 3. d4 cxd4 4. Nxd4 Bg7 5. c4 Nc6 6. Be3 Nf6 7. Nc3 O-O 8. Be2 d6 9. O-O Bd7 10. Qd2 Nxd4 11. Bxd4 Bc6 12. f3 a5 13. b3 Nd7 14. Be3 Nc5 15. Rab1 Qb6 16. Rfc1 Rfc8 17. Bf1 Qd8 18. Rc2 h5 19. a3 Kh7 20. Ne2 Qh8 21. b4 axb4 22. axb4 Na4 23. Nd4 Bd7 24. h3 Nb6 25. c5 Ra3 26. Bf2 dxc5 27. bxc5 Na4 28. Rxb7 Nxc5 29. Rxc5 Rxc5 30. Rxd7 Ra1 31. Nb3 Rxf1+ 32. Kxf1 Rb5 33. Qd3 Qb8 34. Nd2 Ra5 35. Rxe7 Ra1+ 36. Ke2 Qf4 37. Bd4 Qg3 38. Bxa1 Qxg2+ 39. Kd1 Qg1+ 40. Qf1 Qb6 41. Rxf7 Kh6 42. Bxg7+ Kg5 43. Qg2+ Kh4 44. Rf4# 1-0


[Site "https://www.chess.com"]

[Event "Titled Tuesday Blitz November 29 Late 2022"]
[White "Zeman, Matyas"]
[Black "Gubajdullin, Alexei"]
[WhiteFideId "364398"]
[BlackFideId "4141202"]
[WhiteElo "2254"]
[BlackElo "2230"]
[Result "1-0"]
[Round "05"]
[TimeControl "180+1"]
[Date "2022.11.30"]
[WhiteClock "0:00:05"]
[BlackClock "0:00:36"]

1. d4 d5 2. Bf4 Nf6 3. e3 Bf5 4. c4 e6 5. Nc3 Nc6 6. a3 Bd6 7. Bxd6 Qxd6 8. Nf3 O-O 9. Rc1 a6 10. cxd5 exd5 11. Bd3 Bxd3 12. Qxd3 Na5 13. O-O b5 14. Nd2 Nc4 15. Nxc4 bxc4 16. Qc2 Ng4 17. g3 Rab8 18. Qf5 Nf6 19. Rc2 Rfe8 20. Re1 g6 21. Qf3 Ne4 22. Nxe4 Rxe4 23. Rxc4 Rxe3 24. Qxe3 dxc4 25. Qc3 c5 26. dxc5 Qxc5 27. Rc1 Qa7 28. Qxc4 Rxb2 29. Qc8+ Kg7 30. Qc3+ Kh6 31. Qxb2 Qc5 32. Qd2+ Kg7 33. Rxc5 1-0


[Site "https://www.chess.com"]

[Event "Titled Tuesday Blitz November 29 Late 2022"]
[White "Abasov, Nijat"]
[Black "Abdyzhapar, Asylbek"]
[WhiteFideId "13402960"]
[BlackFideId "13800337"]
[WhiteElo "2546"]
[BlackElo "2323"]
[Result "1/2-1/2"]
[Round "06"]
[TimeControl "180+1"]
[Date "2022.11.30"]
[WhiteClock "0:00:08"]
[BlackClock "0:00:05"]

1. d4 Nf6 2. Nf3 g6 3. g3 Bg7 4. Bg2 O-O 5. a4 d5 6. O-O a5 7. c4 dxc4 8. Nc3 c6 9. e4 Bg4 10. Be3 Na6 11. h3 Bxf3 12. Qxf3 Nb4 13. Qe2 Nd3 14. b3 e5 15. dxe5 Nxe5 16. Rfd1 Qc8 17. bxc4 Qe6 18. c5 Rfd8 19. Rab1 Qc4 20. Qxc4 Nxc4 21. Bd4 Rd7 22. e5 Ne8 23. f4 Rad8 24. Bf2 Rxd1+ 25. Rxd1 Rxd1+ 26. Nxd1 Bf8 27. Nc3 Nb2 28. Ne4 Nxa4 29. Nd6 Nc7 30. Nxb7 Ne6 31. Bxc6 Naxc5 32. Nxa5 Nd3 33. Be3 h5 34. Kg2 Bc5 35. Bxc5 Nexc5 36. Kf3 Kg7 37. Ke3 Nb4 38. Bf3 Ne6 39. Nb3 Nc2+ 40. Kd2 Nb4 41. h4 Kf8 42. Ke3 Nc2+ 43. Kd2 Nb4 44. Kc3 Na6 45. Kc4 Nac7 46. Na5 Ng7 47. Be4 Nce6 48. Nc6 Ke8 49. Na5 Ke7 50. Nc6+ Ke8 51. Kd5 Nc7+ 52. Kd6 Nb5+ 53. Kc5 Nc3 54. Bd3 Ne6+ 55. Kd6 Nd1 56. Nb4 Ne3 57. Bb5+ Kf8 58. Bd3 Nd4 59. Kd7 Nef5 60. Nd5 Nxg3 61. Nf6 Nde2 62. Nh7+ Kg7 63. Ng5 Nxf4 64. Bc4 Nf5 65. Bxf7 Nxh4 66. e6 Nf5 67. e7 Nxe7 68. Kxe7 h4 69. Be6 Kh6 70. Kf6 Nxe6 71. Nxe6 h3 72. Ng5 h2 73. Nf7+ Kh5 74. Ne5 h1=Q 75. Nxg6 Qc6+ 76. Kg7 Qxg6+ 77. Kh8 Qd6 78. Kg7 Qd7+ 79. Kh8 1/2-1/2


[Site "https://www.chess.com"]

[Event "Titled Tuesday Blitz November 29 Late 2022"]
[White "Abdrlauf, Elham"]
[Black "Salem, A.R. Saleh"]
[WhiteFideId "1533533"]
[BlackFideId "9301348"]
[WhiteElo "2447"]
[BlackElo "2628"]
[Result "0-1"]
[Round "06"]
[TimeControl "180+1"]
[Date "2022.11.30"]
[WhiteClock "0:00:59"]
[BlackClock "0:00:13"]

1. e4 e5 2. Nc3 Nf6 3. Bc4 Bc5 4. d3 O-O 5. f4 exf4 6. Bxf4 c6 7. d4 Bb4 8. e5 Ne4 9. Ne2 d5 10. Bd3 Bg4 11. Bxe4 dxe4 12. O-O Bxc3 13. bxc3 Nd7 14. Qd2 Nb6 15. Ng3 f6 16. Nxe4 Qd5 17. Nd6 Rad8 18. Nxb7 Nc4 19. Qe1 Rde8 20. Qg3 fxe5 21. Qxg4 exf4 22. Rxf4 Rxf4 23. Qxf4 Rf8 24. Qg3 Nd2 25. Re1 Qf7 26. Qd3 Qf2+ 0-1


[Site "https://www.chess.com"]

[Event "Titled Tuesday Blitz November 29 Late 2022"]
[White "Abrahamyan, Tatev"]
[Black "Forgacs, Attila Jr."]
[WhiteFideId "13301918"]
[BlackFideId "773654"]
[WhiteElo "2347"]
[BlackElo "2168"]
[Result "1/2-1/2"]
[Round "06"]
[TimeControl "180+1"]
[Date "2022.11.30"]
[WhiteClock "0:00:19"]
[BlackClock "0:00:05"]

1. e4 e5 2. Nf3 Nc6 3. Bc4 Nf6 4. Ng5 d5 5. exd5 Na5 6. Bb5+ c6 7. dxc6 bxc6 8. Bd3 Nd5 9. h4 Nf4 10. Bf1 Bc5 11. d3 O-O 12. Nc3 Bb6 13. g3 Nd5 14. Bg2 h6 15. Bd2 hxg5 16. hxg5 g6 17. Qf3 Nxc3 18. Bxc3 Qxg5 19. b4 Nb7 20. Qxc6 Bd4 21. Bd2 Qf5 22. O-O-O Rb8 23. Be4 Qe6 24. Qc7 Qxa2 25. Bg5 Qb2+ 26. Kd2 Qxb4+ 27. Ke2 Bg4+ 28. f3 Rfc8 29. Bf6 Bh5 30. Rxh5 gxh5 31. Bh7+ Kf8 32. Qd7 Rxc2+ 33. Kf1 Rf2+ 34. Kg1 Rxf3+ 35. Kg2 Qb2+ 36. Kh3 Rxg3+ 37. Kxg3 Qf2+ 38. Kh3 Qf3+ 39. Kh2 Qf2+ 40. Kh3 Qf3+ 41. Kh2 Qf2+ 42. Kh3 1/2-1/2


[Site "https://www.chess.com"]

[Event "Titled Tuesday Blitz November 29 Late 2022"]
[White "Adla, Diego"]
[Black "Shankland, Sam"]
[WhiteFideId "100072"]
[BlackFideId "2004887"]
[WhiteElo "2377"]
[BlackElo "2612"]
[Result "0-1"]
[Round "06"]
[TimeControl "180+1"]
[Date "2022.11.30"]
[WhiteClock "0:01:19"]
[BlackClock "0:01:16"]

1. Nf3 d5 2. c4 c6 3. cxd5 cxd5 4. d4 Nf6 5. Nc3 Nc6 6. Bf4 a6 7. Rc1 Bf5 8. e3 Rc8 9. Be2 Nh5 10. Be5 e6 11. h3 Nf6 12. Bh2 Be7 13. O-O O-O 14. a3 b5 15. b4 Nd7 16. Nd2 Nb6 17. Nb3 Nc4 18. Bxc4 bxc4 19. Nc5 a5 20. b5 Nb8 21. N3a4 Nd7 22. Nxd7 Qxd7 23. Nb6 Qxb5 24. Nxc8 Rxc8 25. a4 Qb2 26. Ra1 c3 27. Qc1 Qb3 28. Kh1 c2 29. Bf4 Bd3 30. Rg1 Bb4 31. f3 h6 32. Bg3 Bg6 33. Be1 Rc4 34. Bxb4 Rxb4 35. Ra3 Qc4 36. Qd2 Rb1 37. Ra1 Qb4 38. Qxb4 axb4 39. e4 Rxa1 40. Rxa1 b3 0-1


[Site "https://www.chess.com"]

[Event "Titled Tuesday Blitz November 29 Late 2022"]
[White "Aghasiyev, Kamal"]
[Black "Bashirli, Nail"]
[WhiteFideId "13402854"]
[BlackFideId "13406809"]
[WhiteElo "2341"]
[BlackElo "2318"]
[Result "1-0"]
[Round "06"]
[TimeControl "180+1"]
[Date "2022.11.30"]
[WhiteClock "0:01:01"]
[BlackClock "0:00:32"]

1. d4 Nf6 2. c4 e6 3. Nf3 Bb4+ 4. Bd2 Qe7 5. g3 O-O 6. Bg2 Bxd2+ 7. Nbxd2 d6 8. O-O e5 9. e4 Bg4 10. Qc2 Nc6 11. d5 Nb4 12. Qc3 a5 13. a3 Na6 14. b4 axb4 15. axb4 Nd7 16. Rfc1 f5 17. exf5 Bxf5 18. Nh4 Rab8 19. Nxf5 Rxf5 20. Bh3 Rff8 21. Bxd7 Qxd7 22. Ne4 Qf5 23. Re1 Rbe8 24. Kg2 Nb8 25. Ra7 Qc8 26. c5 dxc5 27. bxc5 Na6 28. Qb3 Qf5 29. Re2 Nb4 30. Rxb7 Rb8 31. d6+ Kh8 32. Rxb8 Rxb8 33. dxc7 Rf8 34. c8=Q Qxc8 35. Qxb4 Qg4 36. Re3 h6 37. c6 Rc8 38. Qc4 Qh5 39. Qe6 Re8 40. Qd7 1-0


[Site "https://www.chess.com"]

[Event "Titled Tuesday Blitz November 29 Late 2022"]
[White "Albornoz Cabrera, Carlos Daniel"]
[Black "Domingo Nunez, Ruben"]
[WhiteFideId "3518736"]
[BlackFideId "22245570"]
[WhiteElo "2497"]
[BlackElo "2406"]
[Result "1-0"]
[Round "06"]
[TimeControl "180+1"]
[Date "2022.11.30"]
[WhiteClock "0:00:22"]
[BlackClock "0:00:04"]

1. d4 g6 2. c4 Bg7 3. Nc3 d6 4. e4 Nd7 5. Be2 e5 6. d5 a5 7. Be3 h5 8. h4 Bh6 9. Qd2 Bxe3 10. Qxe3 Nc5 11. O-O-O Bd7 12. Nh3 Qxh4 13. f4 exf4 14. Nxf4 Qg5 15. Rhf1 Nh6 16. Kb1 O-O 17. Qd2 Rae8 18. Nxh5 Qxd2 19. Nf6+ Kh8 20. Rxd2 Re5 21. b3 Ng8 22. Nxd7 Nxd7 23. Nb5 Nc5 24. Bd3 Re7 25. e5 dxe5 26. Bxg6 e4 27. Nd4 Nh6 28. Bf5 Kg7 29. g4 Re5 30. Rh2 e3 31. Bc2 Rfe8 32. Rfh1 e2 33. Re1 Nxg4 34. Rg2 Rg5 35. Nf3 1-0


[Site "https://www.chess.com"]